Map: Catalyst LE

Players

Boss

  • Race: Terran Terran
  • League: Platinum
  • Spawn Location: 5:00

Jebedoh - Winner!

  • Race: Zerg Zerg
  • League: Platinum
  • Spawn Location: 11:00

VOD

Have the link to the VOD?

Description

Time

  • Played on: Dec. 13, 2017, 2:51 p.m.
  • Length: 14:49
Show
View Real Time Build Order
Export as new Build Order

Boss Terran 

Build Orders: Reaper Expand, Mech 

Get SALT Encoding   

  12  0:01  SCV  
  13  0:13  SCV  
  14  0:18  Supply Depot  
  14  0:25  SCV  
  15  0:33  Refinery  
  15  0:39  SCV  
  16  0:45  Barracks  
  16  0:51  SCV  
  17  1:03  SCV  
  18  1:15  SCV  
  19  1:32  Orbital Command  
  19  1:33  Reaper  
  20  1:44  Command Center  
  20  1:55  Supply Depot  
  20  1:57  SCV  
  21  2:07  Barracks Tech Lab  
  21  2:10  SCV  
  21  2:14  Factory  
  22  2:20  Refinery  
  22  2:22  SCV  
  23  2:26  Bunker  
  23  2:29  Marine  
  24  2:47  Marine  
  25  2:56  SCV  
  26  2:59  Orbital Command  
  26  3:03  Supply Depot  
  26  3:05  Refinery  
  25  3:09  SCV  
  25  3:10  Starport  
  26  3:16  Hellion  
  28  3:21  SCV  
  28  3:24  Infernal Pre-Igniter  
  29  3:33  SCV x2  
  31  3:35  Supply Depot  
  31  3:45  SCV x2  
  31  3:48  Hellion  
  35  3:57  Viking, SCV  
  38  4:03  Engineering Bay  
  38  4:08  SCV  
  38  4:09  SCV, Hellion  
  42  4:15  Barracks Tech Lab  
  42  4:20  SCV  
  42  4:21  SCV  
  44  4:32  SCV  
  44  4:33  SCV  
  44  4:34  Siege Tank  
  49  4:38  Missile Turret  
  49  5:07  Hellion  
  51  5:13  Factory  
  51  5:14  Barracks Tech Lab  
  51  5:15  SCV  
  51  5:16  Factory  
  51  5:17  SCV  
  53  5:23  Refinery  
  53  5:27  SCV  
  53  5:28  Hellion  
  56  5:29  Banshee, SCV  
  56  5:33  Terran Infantry Weapons Level 1  
  60  5:36  Missile Turret  
  60  5:37  Missile Turret  
  60  5:39  Missile Turret, SCV  
  61  5:46  Factory  
  61  5:58  SCV  
  62  6:05  Supply Depot  
  62  6:06  Factory Tech Lab  
  62  6:09  Supply Depot  
  62  6:14  Armory  
  62  6:16  Armory  
  62  6:26  SCV x2, Hellion x2  
  68  6:38  SCV x2  
  70  6:40  Hellion  
  70  6:41  Hellion  
  74  6:48  Hellion x2  
  78  7:00  Supply Depot  
  78  7:17  Terran Vehicle Weapons Level 1  
  78  7:18  Terran Vehicle And Ship Armor Level 1  
  78  7:22  Command Center, SCV x2, Hellion x2  
  84  7:26  Supply Depot  
  84  7:27  Supply Depot  
  84  7:29  Supply Depot  
  84  7:34  SCV x2  
  84  7:36  Factory Reactor  
  86  7:48  Siege Tank x3, SCV  
  96  7:52  Missile Turret, Supply Depot x2  
  96  7:54  Missile Turret  
  96  7:56  Missile Turret  
  96  8:17  Hellion  
  96  8:18  Hellion  
  97  8:20  Siege Tank, Hellion  
  102  8:34  Hellion  
  104  8:39  Hellion x2  
  104  8:41  Thor  
  114  8:51  Thor  
  120  9:01  Hellion x2  
  120  9:02  Hellion  
  126  9:11  Starport Reactor  
  126  9:14  Building Armor  
  126  9:17  Supply Depot  
  126  9:22  Thor  
  126  9:23  Hellion  
  126  9:24  Thor  
  140  9:36  Hellion, Thor  
  148  9:40  Supply Depot  
  148  9:44  Hellion  
  150  9:58  Hellion  
  150  10:05  Hellion, Thor  
  160  10:07  Hellion  
  160  10:21  Thor  
  156  10:28  Thor  
  136  10:33  Hellion x2  
  140  10:48  Thor  
  146  11:03  Thor  
  152  11:07  Hellion x2  
  152  11:11  Siege Tank  
  159  11:28  Terran Vehicle Weapons Level 2, Hellion  
  159  11:29  Hellion  
  163  11:43  Siege Tank x2  
  153  11:47  Hellion  
  153  11:50  Hellion x2  
  159  12:08  Hellion  
  159  12:11  Terran Vehicle And Ship Armor Level 2, Hellion x2  
  165  12:15  Hellion  
  165  12:36  Hellion x2  
  171  12:41  Supply Depot  
  111  13:04  Hellion x5  
  121  13:25  Hellion x2  
  125  13:38  Thor x3  
  143  13:47  Hellion  
  145  13:50  Planetary Fortress  
Show
View Real Time Build Order
Export as new Build Order

Jebedoh Zerg - Winner!

Build Orders: Hatch First 

Get SALT Encoding   

  12  0:01  Drone  
  13  0:13  Overlord  
  13  0:17  Drone  
  14  0:31  Drone x2  
  14  0:35  Drone  
  17  0:53  Hatchery  
  17  0:56  Drone  
  17  1:00  Drone  
  18  1:12  Extractor  
  18  1:15  Spawning Pool  
  16  1:18  Drone  
  16  1:22  Drone  
  18  1:28  Drone  
  19  1:39  Overlord  
  19  1:52  Drone  
  20  2:02  Zergling x2  
  20  2:03  Queen  
  20  2:05  Queen  
  20  2:06  Zergling x2  
  26  2:17  Drone  
  26  2:19  Metabolic Boost  
  27  2:23  Drone x2  
  29  2:52  Hatchery  
  28  2:59  Drone  
  28  3:00  Drone x5  
  34  3:10  Overlord  
  34  3:13  Zergling x2  
  35  3:20  Overlord  
  35  3:22  Overlord  
  35  3:28  Queen  
  35  3:30  Baneling Nest  
  36  3:47  Drone  
  36  3:48  Drone x11  
  48  3:52  Extractor  
  48  3:55  Extractor  
  46  3:56  Zergling x2  
  46  4:00  Overlord  
  47  4:07  Queen  
  49  4:12  Drone x2  
  49  4:15  Drone  
  52  4:19  Evolution Chamber  
  52  4:20  Lair  
  52  4:21  Drone x2  
  52  4:22  Drone  
  54  4:25  Drone  
  54  4:26  Extractor  
  54  4:28  Drone  
  54  4:29  Drone  
  56  4:43  Queen  
  58  4:46  Overlord x2  
  58  4:52  Zerg Melee Weapons Level 1  
  58  5:00  Zergling x2  
  58  5:01  Zergling x14  
  58  5:05  Overlord  
  58  5:06  Drone  
  67  5:07  Drone x2  
  69  5:15  Overlord  
  69  5:16  Overlord  
  69  5:29  Hydralisk Den  
  69  5:31  Drone x5  
  69  5:33  Spore Crawler  
  72  5:43  Baneling x4  
  72  5:45  Spore Crawler, Baneling  
  72  5:48  Baneling x4  
  71  5:50  Centrifical Hooks  
  71  5:56  Infestation Pit  
  70  5:58  Spore Crawler x2  
  70  6:00  Spine Crawler  
  70  6:02  Drone x5  
  72  6:18  Drone x4  
  73  6:19  Drone x6  
  73  6:21  Baneling  
  73  6:22  Baneling x3  
  80  6:35  Zergling x16  
  88  6:47  Overseer  
  88  6:53  Extractor  
  88  6:54  Hydralisk  
  87  6:55  Extractor, Hydralisk  
  87  6:56  Overlord x2  
  90  7:03  Hatchery  
  87  7:13  Zerg Melee Weapons Level 2  
  85  7:17  Hydralisk x3, Hive  
  85  7:18  Hydralisk x3  
  85  7:19  Zergling x2  
  98  7:37  Evolution Chamber  
  97  7:47  Drone x8  
  97  7:48  Drone  
  106  7:55  Overlord  
  106  7:56  Overlord x3  
  106  8:04  Muscular Augments  
  106  8:14  Spore Crawler  
  106  8:16  Drone, Overlord x3  
  106  8:17  Drone x13  
  119  8:24  Spore Crawler  
  118  8:28  Spine Crawler, Zergling x2, Spore Crawler  
  118  8:29  Zergling x8  
  121  8:34  Ultralisk Cavern  
  121  8:36  Spore Crawler  
  119  8:56  Zergling x6  
  119  8:57  Zergling x14  
  129  9:09  Zerg Ground Armor Level 1  
  129  9:10  Hatchery  
  128  9:20  Adrenal Glands, Chitinous Plating  
  128  9:22  Ultralisk  
  128  9:23  Ultralisk x3  
  150  9:57  Ultralisk x2  
  150  9:58  Zergling x2  
  152  10:01  Overlord x6  
  152  10:18  Overlord x4  
  152  10:19  Overlord  
  146  10:23  Hydralisk x12  
  163  10:29  Drone x2  
  163  10:30  Drone  
  166  10:38  Zerg Melee Weapons Level 3  
  166  10:45  Spore Crawler  
  166  10:47  Spine Crawler  
  166  10:49  Spore Crawler  
  163  10:50  Spine Crawler  
  163  10:54  Zergling x2  
  163  10:55  Zergling x18  
  168  11:01  Zergling x10  
  173  11:17  Zerg Ground Armor Level 2  
  173  11:26  Hydralisk x7  
  173  11:27  Hydralisk  
  173  11:28  Zergling x2  
  188  11:44  Hydralisk  
  188  11:45  Hydralisk x5  
  188  11:46  Zergling x2  
  188  11:47  Zergling x2  
  175  11:53  Zergling x2  
  166  11:54  Zergling x12  
  169  12:05  Zergling x2  
  169  12:06  Zergling x18  
  169  12:07  Zergling x2  
  180  12:17  Spine Crawler  
  180  12:20  Drone x5  
  184  12:26  Spine Crawler  
  183  12:31  Viper x4  
  176  12:46  Ultralisk x2  
  176  12:47  Zergling x12  
  176  12:48  Zergling x2  
  157  12:56  Ultralisk  
  133  13:04  Ultralisk  
  129  13:23  Ultralisk x2  
  141  13:43  Ultralisk  
  141  13:44  Zergling x2  
  141  13:45  Zergling x26  
  161  13:52  Extractor  
  161  13:53  Drone x4  
  161  13:54  Drone x2  
  161  13:55  Extractor  
  165  14:00  Ultralisk x2  
  166  14:16  Zergling x2  
  166  14:17  Zergling x22  
  159  14:21  Hydralisk x2  
Tags
 
Add a new tag
Caveats
  • Supply blocks, unpowered buildings, or Contaminate may cause inaccurate times.
  • Supply counts are checked every 10 seconds.